| TOP OF THE 1ST |
|
Cincinnati Reds batting - Pitching for Pittsburgh Pirates : LHP Sam Richardson
|
|
Pitching: LHP Sam Richardson
|
|
|
Batting: LHB Jon Ledesma
|
0-0: Swinging Strike 0-1: Swinging Strike 0-2: SINGLE (Flyball, 89S, EV 90.6 MPH)
|
|
Batting: LHB Sean Geisler
|
0-0: Called Strike 0-1: Called Strike 0-2: Ball 1-2: Strikes out swinging
|
|
Batting: RHB Willie Cardamone
|
0-0: Swinging Strike 0-1: Ball Jon Ledesma steals 2nd base 1-1: Swinging Strike 1-2: Strikes out swinging
|
|
Batting: SHB Saulo Maina
|
0-0: Swinging Strike 0-1: Ground out 5-3 (Groundball, 56, EV 85.0 MPH)
|
| Top of the 1st over - 0 runs, 1 hit, 0 errors, 1 left on base; Cincinnati 0 - Pittsburgh 0 |
| BOTTOM OF THE 1ST |
|
Pittsburgh Pirates batting - Pitching for Cincinnati Reds : RHP Curt Stevens
|
|
Pitching: RHP Curt Stevens
|
|
|
Batting: RHB Eisse Bravenboer
|
0-0: Ball 1-0: Called Strike 1-1: Ball 2-1: Ground out U3 (Groundball, 34, EV 78.1 MPH)
|
|
Batting: RHB Steve Jordan
|
0-0: Called Strike 0-1: Ball 1-1: Foul Ball, location: 2F 1-2: Ball 2-2: Strikes out looking
|
|
Batting: SHB Marvin McAleer
|
0-0: Foul Ball, location: 2F 0-1: Ball 1-1: Called Strike 1-2: Ball 2-2: Reached on error, E3 (Groundball, 3, EV 86.2 MPH)
|
|
Batting: RHB Vincent Poopwell
|
0-0: Foul Ball, location: 2F 0-1: Foul Ball, location: 2F 0-2: Ball Marvin McAleer steals 2nd base 1-2: Ball 2-2: Foul Ball, location: 2F 2-2: SINGLE (Line Drive, 78M, EV 86.2 MPH) Marvin McAleer to third Runner from 3rd tries for Home, throw by LF and OUT! 7-2
|
| Bottom of the 1st over - 0 runs, 1 hit, 1 error, 1 left on base; Cincinnati 0 - Pittsburgh 0 |
| TOP OF THE 2ND |
|
Cincinnati Reds batting - Pitching for Pittsburgh Pirates : LHP Sam Richardson
|
|
Batting: RHB Fred Slade
|
0-0: Ball 1-0: Swinging Strike 1-1: Swinging Strike 1-2: Strikes out swinging
|
|
Batting: LHB Satoru Handa
|
0-0: Ball 1-0: Called Strike 1-1: Swinging Strike 1-2: Ball 2-2: Strikes out swinging
|
|
Batting: RHB Willie Lazcano
|
0-0: Ball 1-0: Swinging Strike 1-1: Ball 2-1: Ball 3-1: Base on Balls
|
|
Batting: RHB Omar Quintana
|
0-0: Fielders Choice at 2nd, 5-4 (Groundball, 5, EV 103.1 MPH)
|
| Top of the 2nd over - 0 runs, 0 hits, 0 errors, 1 left on base; Cincinnati 0 - Pittsburgh 0 |
| BOTTOM OF THE 2ND |
|
Pittsburgh Pirates batting - Pitching for Cincinnati Reds : RHP Curt Stevens
|
|
Batting: LHB Theodore Conboy
|
0-0: Ball 1-0: Called Strike 1-1: Ball 2-1: Foul Ball, location: 2F 2-2: Foul Ball, location: 2F 2-2: Foul Ball, location: 2F 2-2: Foul Ball, location: 2F 2-2: Foul Ball, location: 2F 2-2: Ground out U3 (Groundball, 13, EV 93.1 MPH)
|
|
Batting: RHB Tommie Eaton
|
0-0: Fly out, F7 (Line Drive, 7, EV 86.9 MPH)
|
|
Batting: RHB Mike Bates
|
0-0: Ball 1-0: Called Strike 1-1: Foul Ball, location: 2F 1-2: Ball 2-2: Strikes out swinging
|
| Bottom of the 2nd over - 0 runs, 0 hits, 0 errors, 0 left on base; Cincinnati 0 - Pittsburgh 0 |
| TOP OF THE 3RD |
|
Cincinnati Reds batting - Pitching for Pittsburgh Pirates : LHP Sam Richardson
|
|
Batting: LHB Shawn Morrison
|
0-0: Ball 1-0: Fly out, F4 (Flyball, 34D, EV 92.5 MPH)
|
|
Batting: LHB Jon Ledesma
|
0-0: Ball 1-0: Ground out 6-3 (Groundball, 4M, EV 101.2 MPH)
|
|
Batting: LHB Sean Geisler
|
0-0: Ball 1-0: Swinging Strike 1-1: Foul Ball, location: 2F 1-2: Foul Ball, location: 2F 1-2: Foul Ball, location: 2F 1-2: Foul Ball, location: 2F 1-2: Fly out, F9 (Flyball, 9LS, EV 86.2 MPH)
|
| Top of the 3rd over - 0 runs, 0 hits, 0 errors, 0 left on base; Cincinnati 0 - Pittsburgh 0 |
| BOTTOM OF THE 3RD |
|
Pittsburgh Pirates batting - Pitching for Cincinnati Reds : RHP Curt Stevens
|
|
Batting: RHB Raul Mendoza
|
0-0: Ball 1-0: Called Strike 1-1: Foul Ball, location: 2F 1-2: SOLO HOME RUN (Line Drive, 7LD, EV 93.8 MPH), Distance : 353 ft
|
|
Batting: RHB Kirk Seiffert
|
0-0: Ball 1-0: Ball 2-0: Called Strike 2-1: SINGLE (Groundball, 34D, EV 100.0 MPH)
|
|
Batting: RHB Eisse Bravenboer
|
0-0: Ball 1-0: Fly out, F9 (Flyball, 9LS, EV 87.5 MPH)
|
|
Batting: RHB Steve Jordan
|
0-0: Called Strike 0-1: Ball 1-1: Ball 2-1: Called Strike 2-2: Fly out, F9 (Flyball, 89S, EV 80.6 MPH)
|
|
Batting: SHB Marvin McAleer
|
0-0: Ball 1-0: Ball 2-0: Ball 3-0: Called Strike 3-1: Foul Ball, location: 2F 3-2: Strikes out looking
|
| Bottom of the 3rd over - 1 run, 2 hits, 0 errors, 1 left on base; Cincinnati 0 - Pittsburgh 1 |
| TOP OF THE 4TH |
|
Cincinnati Reds batting - Pitching for Pittsburgh Pirates : LHP Sam Richardson
|
|
Batting: RHB Willie Cardamone
|
0-0: Ball 1-0: Foul Ball, location: 2F 1-1: Ball 2-1: Called Strike 2-2: Foul Ball, location: 2F 2-2: Strikes out swinging
|
|
Batting: SHB Saulo Maina
|
0-0: Called Strike 0-1: Foul Ball, location: 2F 0-2: Strikes out swinging
|
|
Batting: RHB Fred Slade
|
0-0: Called Strike 0-1: Fly out, F4 (Flyball, 34D, EV 86.9 MPH)
|
| Top of the 4th over - 0 runs, 0 hits, 0 errors, 0 left on base; Cincinnati 0 - Pittsburgh 1 |
| BOTTOM OF THE 4TH |
|
Pittsburgh Pirates batting - Pitching for Cincinnati Reds : RHP Curt Stevens
|
|
Batting: RHB Vincent Poopwell
|
0-0: Ball 1-0: Ball 2-0: Swinging Strike 2-1: Foul Ball, location: 2F 2-2: Strikes out looking
|
|
Batting: LHB Theodore Conboy
|
0-0: Foul Ball, location: 2F 0-1: Called Strike 0-2: Ball 1-2: Strikes out looking
|
|
Batting: RHB Tommie Eaton
|
0-0: Ball 1-0: SINGLE (Groundball, 6, EV 100.0 MPH)
|
|
Batting: RHB Mike Bates
|
0-0: Called Strike 0-1: Called Strike 0-2: Ball Wild Pitch! Tommie Eaton to second 1-2: Ball 2-2: Ball 3-2: Fly out, F7 (Flyball, 78M, EV 93.1 MPH)
|
| Bottom of the 4th over - 0 runs, 1 hit, 0 errors, 1 left on base; Cincinnati 0 - Pittsburgh 1 |
| TOP OF THE 5TH |
|
Cincinnati Reds batting - Pitching for Pittsburgh Pirates : LHP Sam Richardson
|
|
Batting: LHB Satoru Handa
|
0-0: Called Strike 0-1: Ball 1-1: Ball 2-1: Fly out, F7 (Flyball, 7D, EV 98.1 MPH)
|
|
Batting: RHB Willie Lazcano
|
0-0: Called Strike 0-1: Foul Ball, location: 2F 0-2: Ball 1-2: Foul Ball, location: 2F 1-2: Foul Ball, location: 2F 1-2: Ball 2-2: Ball 3-2: Fly out, F8 (Flyball, 8LD, EV 104.4 MPH)
|
|
Batting: RHB Omar Quintana
|
0-0: Called Strike 0-1: Ball 1-1: Ball 2-1: Foul Ball, location: 2F 2-2: Ball 3-2: Foul Ball, location: 2F 3-2: Ground out 4-3 (Groundball, 4, EV 85.0 MPH)
|
| Top of the 5th over - 0 runs, 0 hits, 0 errors, 0 left on base; Cincinnati 0 - Pittsburgh 1 |
| BOTTOM OF THE 5TH |
|
Pittsburgh Pirates batting - Pitching for Cincinnati Reds : RHP Curt Stevens
|
|
Batting: RHB Raul Mendoza
|
0-0: Ball 1-0: Ball 2-0: Ball 3-0: Called Strike 3-1: Base on Balls
|
|
Batting: RHB Kirk Seiffert
|
0-0: Ball Wild Pitch! Raul Mendoza to second 1-0: Foul Ball, location: 2F 1-1: Fly out, F8 (Flyball, 8RM, EV 88.8 MPH)
|
|
Batting: RHB Eisse Bravenboer
|
0-0: Called Strike 0-1: Foul Ball, location: 2F 0-2: Ball 1-2: Strikes out swinging
|
|
Batting: RHB Steve Jordan
|
0-0: Called Strike 0-1: Ground out 5-3 (Groundball, 56S, EV 65.6 MPH)
|
| Bottom of the 5th over - 0 runs, 0 hits, 0 errors, 1 left on base; Cincinnati 0 - Pittsburgh 1 |
| TOP OF THE 6TH |
|
Cincinnati Reds batting - Pitching for Pittsburgh Pirates : LHP Sam Richardson
|
|
Batting: LHB Shawn Morrison
|
0-0: Called Strike 0-1: Ball 1-1: Ball 2-1: Swinging Strike 2-2: Fly out, F8 (Flyball, 8RS, EV 73.1 MPH)
|
|
Batting: LHB Jon Ledesma
|
0-0: Called Strike 0-1: Ball 1-1: SOLO HOME RUN (Flyball, 9D, EV 100.6 MPH), Distance : 383 ft
|
|
Batting: LHB Sean Geisler
|
0-0: Swinging Strike 0-1: Foul Ball, location: 2F 0-2: Ball 1-2: Strikes out looking
|
|
Batting: RHB Willie Cardamone
|
0-0: Called Strike 0-1: TRIPLE (Flyball, 89XD, EV 100.0 MPH)
|
|
Batting: SHB Saulo Maina
|
0-0: Swinging Strike 0-1: Ball 1-1: Ball 2-1: Ball 3-1: Called Strike 3-2: Strikes out swinging
|
| Top of the 6th over - 1 run, 2 hits, 0 errors, 1 left on base; Cincinnati 1 - Pittsburgh 1 |
| BOTTOM OF THE 6TH |
|
Pittsburgh Pirates batting - Pitching for Cincinnati Reds : RHP Curt Stevens
|
|
Batting: SHB Marvin McAleer
|
0-0: Called Strike 0-1: Ball 1-1: Ball 2-1: Ball 3-1: Base on Balls
|
|
Batting: RHB Vincent Poopwell
|
0-0: Ball 1-0: Swinging Strike 1-1: Ball 2-1: Called Strike 2-2: Ball 3-2: Foul Ball, location: 2F 3-2: Strikes out swinging Marvin McAleer is caught stealing 2nd base 2-4 Batter strikes out.
|
|
Batting: LHB Theodore Conboy
|
0-0: Ball 1-0: Ball 2-0: Ball 3-0: Base on Balls
|
|
Batting: RHB Tommie Eaton
|
0-0: Ball 1-0: Foul Ball, location: 2F 1-1: Ball 2-1: Foul Ball, location: 2F 2-2: Ground out 4-3 (Groundball, 34, EV 86.2 MPH)
|
| Bottom of the 6th over - 0 runs, 0 hits, 0 errors, 1 left on base; Cincinnati 1 - Pittsburgh 1 |
| TOP OF THE 7TH |
|
Cincinnati Reds batting - Pitching for Pittsburgh Pirates : LHP Sam Richardson
|
|
Batting: RHB Fred Slade
|
0-0: Ball 1-0: Ground out 4-3 (Groundball, 34D, EV 82.5 MPH)
|
|
Batting: LHB Satoru Handa
|
0-0: SINGLE (Groundball, 6MD, EV 101.9 MPH)
|
|
Batting: RHB Willie Lazcano
|
0-0: Ball 1-0: Called Strike 1-1: Ball 2-1: Called Strike 2-2: Foul Ball, location: 2F 2-2: Ball 3-2: Foul Ball, location: 2F 3-2: SINGLE (Flyball, 78S, EV 95.0 MPH) Satoru Handa to second
|
|
Batting: RHB Omar Quintana
|
0-0: Ball 1-0: Ball 2-0: Called Strike 2-1: Foul Ball, location: 2F 2-2: Ball 3-2: Base on Balls Satoru Handa to third Willie Lazcano to second
|
|
Batting: LHB Shawn Morrison
|
0-0: Hit by Pitch Satoru Handa scores Willie Lazcano to third Omar Quintana to second
|
|
Batting: LHB Jon Ledesma
|
0-0: Called Strike 0-1: Ball 1-1: Called Strike 1-2: Fly out, F7 (Line Drive, 7, EV 103.8 MPH) Runner from 3rd tags up, SCORES, no throw by LF
|
|
Pitching: LHP Matt Huston
|
|
|
Batting: LHB Sean Geisler
|
0-0: Swinging Strike 0-1: Swinging Strike 0-2: Ball 1-2: Foul Ball, location: 2F 1-2: Strikes out swinging
|
| Top of the 7th over - 2 runs, 2 hits, 0 errors, 2 left on base; Cincinnati 3 - Pittsburgh 1 |
| BOTTOM OF THE 7TH |
|
Pittsburgh Pirates batting - Pitching for Cincinnati Reds : RHP Curt Stevens
|
|
Batting: RHB Mike Bates
|
0-0: Ball 1-0: Called Strike 1-1: Swinging Strike 1-2: Ball 2-2: Fly out, F8 (Line Drive, 8LD, EV 87.5 MPH)
|
|
Pitching: RHP Juan Barroso
|
|
|
Batting: RHB Raul Mendoza
|
0-0: Ball 1-0: Called Strike 1-1: Fly out, F8 (Flyball, 8RXD, EV 105.6 MPH)
|
|
Batting: RHB Kirk Seiffert
|
0-0: Ball 1-0: Ball 2-0: Called Strike 2-1: Swinging Strike 2-2: Ground out 4-3 (Groundball, 34, EV 85.0 MPH)
|
| Bottom of the 7th over - 0 runs, 0 hits, 0 errors, 0 left on base; Cincinnati 3 - Pittsburgh 1 |
| TOP OF THE 8TH |
|
Cincinnati Reds batting - Pitching for Pittsburgh Pirates : LHP Matt Huston
|
|
Batting: RHB Willie Cardamone
|
0-0: Ball 1-0: Ground out 4-3 (Groundball, 4M, EV 106.2 MPH)
|
|
Batting: SHB Saulo Maina
|
0-0: Called Strike 0-1: Ball 1-1: Ball 2-1: Ball 3-1: Foul Ball, location: 2F 3-2: Ground out 4-3 (Groundball, 4M, EV 92.5 MPH)
|
|
Batting: RHB Fred Slade
|
0-0: Ground out 4-3 (Groundball, 4MS, EV 83.1 MPH)
|
| Top of the 8th over - 0 runs, 0 hits, 0 errors, 0 left on base; Cincinnati 3 - Pittsburgh 1 |
| BOTTOM OF THE 8TH |
|
Pittsburgh Pirates batting - Pitching for Cincinnati Reds : RHP Juan Barroso
|
|
Batting: RHB Eisse Bravenboer
|
0-0: Swinging Strike 0-1: Foul Ball, location: 2F 0-2: Strikes out swinging
|
|
Batting: RHB Steve Jordan
|
0-0: Foul Ball, location: 2F 0-1: Foul Ball, location: 2F 0-2: Strikes out swinging
|
|
Batting: SHB Marvin McAleer
|
0-0: Fly out, F9 (Line Drive, 9, EV 90.6 MPH)
|
| Bottom of the 8th over - 0 runs, 0 hits, 0 errors, 0 left on base; Cincinnati 3 - Pittsburgh 1 |
| TOP OF THE 9TH |
|
Cincinnati Reds batting - Pitching for Pittsburgh Pirates : LHP Matt Huston
|
|
Pitching: RHP Steve Grier
|
|
|
Batting: LHB Satoru Handa
|
0-0: Ball 1-0: Swinging Strike 1-1: Ball 2-1: Ground out 1-3 (Groundball, 15S, EV 73.1 MPH)
|
|
Batting: RHB Willie Lazcano
|
0-0: Ball 1-0: SINGLE (Line Drive, 4D, EV 95.0 MPH)
|
|
Batting: RHB Omar Quintana
|
0-0: Fly out, F4 (Line Drive, 4, EV 65.6 MPH)
|
|
Batting: LHB Shawn Morrison
|
0-0: Ball 1-0: Called Strike 1-1: Ground out 2-3 (Groundball, 2L, EV 70.0 MPH)
|
| Top of the 9th over - 0 runs, 1 hit, 0 errors, 1 left on base; Cincinnati 3 - Pittsburgh 1 |
| BOTTOM OF THE 9TH |
|
Pittsburgh Pirates batting - Pitching for Cincinnati Reds : RHP Juan Barroso
|
|
Pitching: LHP Paul Forbes
|
|
|
Batting: RHB Vincent Poopwell
|
0-0: Ball 1-0: Swinging Strike 1-1: Ball 2-1: Ball 3-1: Foul Ball, location: 2F 3-2: Base on Balls
|
|
Batting: LHB Theodore Conboy
|
0-0: Ball 1-0: Foul Ball, location: 2F 1-1: Ball 2-1: Grounds into double play, 5-4-3 (Groundball, 5, EV 80.6 MPH)
|
|
Pitching: LHP Jose Estrada
|
|
|
Batting: RHB Tommie Eaton
|
0-0: Ball 1-0: Ball 2-0: Ground out 5-3 (Groundball, 56, EV 88.8 MPH)
|
| Bottom of the 9th over - 0 runs, 0 hits, 0 errors, 0 left on base; Cincinnati 3 - Pittsburgh 1 |
|